 Dungeon Crawl Stone Soup version 0.29.1-1-gd02db69 (webtiles) character file.

Game seed: 924781161232283108

1383 2mean the Cudgeller (level 8, -5/70 HPs)
             Began as a Minotaur Fighter on Feb 11, 2023.
             Was an Initiate of Wu Jian.
             Slain by a sky beast (6 damage)
             ... on level 6 of the Dungeon.
             The game lasted 00:32:09 (4980 turns).

2mean the Cudgeller (Minotaur Fighter)              Turns: 4980, Time: 00:32:10

Health: -5/70      AC: 12    Str: 22      XL:     8   Next: 40%
Magic:  7/7        EV:  2    Int:  5      God:    Wu Jian [......]
Gold:   288        SH:  0    Dex:  0 (11) Spells: 7/7 levels left

rFire   . . .      SeeInvis .   e - +2 flail (venom)
rCold   . . .      Faith    +   c - +0 buckler
rNeg    . . .      Spirit   .   b - +1 scale mail
rPois   +          Reflect  .   (helmet restricted)
rElec   .          Harm     .   (no cloak)
rCorr   .          Rampage  .   p - +0 pair of gloves
Will    .....                   (no boots)
Stlth   ..........              f - amulet of faith
HPRegen 0.21/turn               (no ring)
MPRegen 0.10/turn               (no ring)

@: brilliant, weak-willed, slowed, lost dexterity, invisible, very slow
A: horns 2, retaliatory headbutt, talons 1, iridescent scales 1, poison
resistance
a: Renounce Religion


You were on level 6 of the Dungeon.
You worshipped Wu Jian.
Wu Jian was noncommittal.
You visited 2 branches of the dungeon, and saw 7 of its levels.

You collected 288 gold pieces.

Inventory:

Hand Weapons
 a - a +0 war axe
 e - a +2 flail of venom (weapon)
Armour
 b - a +1 scale mail (worn)
 c - a +0 buckler (worn)
 p - a +0 pair of gloves (worn)
 r - a +0 helmet
Jewellery
 f - an amulet of faith (around neck)
Scrolls
 l - 2 scrolls of vulnerability


   Skills:
 + Level 5.9 Fighting
 + Level 2.5(5.4) Axes
 + Level 7.6(7.8) Maces & Flails
 + Level 7.3 Armour
 + Level 2.5 Dodging
 + Level 1.0 Stealth
 + Level 5.4 Shields


You had 7 spell levels left.
You didn't know any spells.
Your spell library contained the following spells:

 Spells                   Type           Power      Damage    Failure   Level
 Apportation              Tloc           0%         N/A       86%         1
 Summon Small Mammal      Summ           0%         N/A       86%         1
 Blink                    Tloc           0%         N/A       94%         2
 Call Canine Familiar     Summ           0%         N/A       99%         3
 Portal Projectile        Hex/Tloc       0%         N/A       99%         3
 Summon Guardian Golem    Hex/Summ       0%         N/A       99%         3
 Leda's Liquefaction      Hex/Erth       0%         N/A       100%        4
 Alistair's Intoxication  Tmut/Pois      0%         N/A       100%        5
 Manifold Assault         Tloc           0%         N/A       100%        5
 Storm Form               Tmut/Air       0%         N/A       100%        7


Dungeon Overview and Level Annotations

Branches:
Dungeon (6/15)             Temple (1/1) D:5

Altars:
Ashenzari
Cheibriados
Dithmenos
Elyvilon
Fedhas
Gozag
Hepliaklqana
Kikubaaqudgha
Makhleb
Nemelex Xobeh
Okawaru
Ru
Sif Muna
Trog
Uskayaw
Vehumet
Wu Jian
Xom
Yredelemnul
Zin
The Shining One

Annotations:
D:6 1 transporter, milkyshrine's ghost, novice DsAK


Innate Abilities, Weirdness & Mutations

You have a pair of horns on your head.
You reflexively headbutt those who attack you in melee.
You have sharp toenails.
You are partially covered in iridescent scales. (AC +2)
Your system is resistant to poisons. (rPois)


Message History

The sky beast hits you.
* * * LOW HITPOINT WARNING * * *
The sky beast shocks you.
* * * LOW HITPOINT WARNING * * *
The orc priest calls down the wrath of Beogh upon you.
Pain shoots through your body!
* * * LOW HITPOINT WARNING * * *
You hear a shout!
It was a potion of brilliance.
You feel clever all of a sudden.
The sky beast hits you but does no damage.
It was a potion of invisibility.
You fade into invisibility!
The orc priest looks braver for a moment.
The sky beast hits you but does no damage. x2
The sky beast hits you but does no damage.
The sky beast hits you but does no damage.
The sky beast hits you but does no damage.
As you read the scroll of vulnerability, it crumbles to dust.
Magic quickly surges around you.
The sky beast hits you but does no damage.
You sock the sky beast!
The sky beast is poisoned.
Your kick misses the sky beast.
The sky beast is heavily wounded.
The sky beast hits you but does no damage.
The sky beast completely misses you.
You hit the sky beast. Your kick misses the sky beast.
The sky beast is severely wounded.
The sky beast hits you.
* * * LOW HITPOINT WARNING * * *
The sky beast shocks you.
* * * LOW HITPOINT WARNING * * *
You hit the sky beast.
The sky beast looks as sick as possible!
Your headbutt misses the sky beast.
The sky beast is almost dead.
The sky beast hits you.
* * * LOW HITPOINT WARNING * * *
The sky beast shocks you.
You die...

.. #..##.......#
...#..#....♣♣♣.##
♣..'##'..♣♣♣....#
♣.o≈≈..♣♣......#
♣.o≈≈..♣..._...#
♣.o≈≈..♣♣.÷....#
♣..####..♣♣♣....#
.. #)...♣♣♣.## .
##..Y@...#
###....## ######


You could see a sky beast (unable to see you, extremely poisoned, weak-willed).

Vanquished Creatures
  Grinder (D:5)
  3 ogres
  A black bear (D:6)
  A phantom (D:4)
  3 scorpions
  An electric eel (D:6)
  5 quasits (D:6)
  A hound (D:5)
  A gnoll bouda (D:5)
  3 orc priests
  An iguana (D:6)
  4 gnolls (D:5)
  6 adders
  2 ufetubi
  2 dart slugs (D:1)
  11 orcs
  3 ball pythons
  7 bats
  6 endoplasms
  6 giant cockroaches
  8 hobgoblins
  13 jackals
  2 quokkas (D:1)
  A frilled lizard (D:2)
  11 goblins
  6 kobolds
  7 rats
116 creatures vanquished.

Vanquished Creatures (others)
  3 plants (D:1)
3 creatures vanquished.

Grand Total: 119 creatures vanquished

Notes
Turn   | Place    | Note
-------+----------+-------------------------------------------
     0 | D:1      | 2mean the Minotaur Fighter began the quest for the Orb.
     0 | D:1      | Reached XP level 1. HP: 19/19 MP: 0/0
    97 | D:1      | Reached XP level 2. HP: 21/27 MP: 1/1
   390 | D:1      | Reached XP level 3. HP: 32/33 MP: 2/2
   404 | D:1      | Reached skill level 1 in Maces & Flails
  1494 | D:3      | Reached XP level 4. HP: 41/41 MP: 3/3
  1942 | D:3      | Found a faded altar of an unknown god.
  2296 | D:4      | Noticed a phantom
  2304 | D:4      | Killed a phantom
  2305 | D:4      | Reached XP level 5. HP: 45/47 MP: 4/4
  2442 | D:4      | Noticed an ogre
  2448 | D:4      | Killed an ogre
  2449 | D:4      | Reached skill level 5 in Armour
  2449 | D:4      | Reached skill level 1 in Dodging
  2449 | D:4      | Reached XP level 6. HP: 53/53 MP: 5/5
  2498 | D:4      | Reached skill level 5 in Maces & Flails
  2641 | D:5      | Entered Level 5 of the Dungeon
  2740 | D:5      | Noticed Grinder
  2749 | D:5      | Paralysed by Grinder for 4 turns
  2754 | D:5      | Killed Grinder
  2755 | D:5      | Reached skill level 5 in Fighting
  2755 | D:5      | Reached skill level 5 in Shields
  2755 | D:5      | Reached XP level 7. HP: 29/61 MP: 6/6
  3384 | D:5      | Found a staircase to the Ecumenical Temple.
  3746 | D:5      | Reached XP level 8. HP: 21/69 MP: 7/7
  4031 | Temple   | Entered the Ecumenical Temple
  4264 | Temple   | Became a worshipper of the Wu Jian Council
  4676 | D:6      | Found a transporter.
  4683 | D:6      | Noticed milkyshrine's ghost (novice DsAK)
  4702 | D:6      | Gained mutation: You are partially covered in iridescent
                  | scales. (AC +2) [potion of mutation]
  4702 | D:6      | Gained mutation: Your system is resistant to poisons.
                  | (rPois) [potion of mutation]
  4702 | D:6      | Gained mutation: You have sharp toenails. [potion of
                  | mutation]
  4707 | D:6      | Reached skill level 1 in Stealth
  4710 | D:6      | Lost dexterity.
  4715 | D:6      | Found a transporter.
  4740 | D:6      | Found a glowing silver altar of Zin.
  4743 | D:6      | HP: 3/70 [black bear (2)]
  4979 | D:6      | HP: 1/70 [sky beast (6)]
  4980 | D:6      | Slain by a sky beast

Illustrated notes

Levels and vault maps discovered:
D:1:      eino_arrival_water_cross, layout_loops_ring, hangedman_feature_mirror,
          wad_floor_pattern_untrapped, hangedman_abyss_or_decor_stabs,
          minmay_misc_feat_rows, serial_bayou_lagoon_b
D:2:      layout_basic
D:3:      minmay_angry_zag, layout_loops_ring, chequers_ecumenical_altar_island
D:4:      layout_gridville, minmay_distorted
D:5:      layout_basic, minmay_temple_entry_waves, uniq_grinder
D:6:      layout_basic, mainiacjoe_overflow_two_lobes,
          gammafunk_ghost_stat_death, minivault_14
Temple:   nicolae_temple_bog_church

Skill      XL: |  1  2  3  4  5  6  7  8 |
---------------+-------------------------+-----
Armour         | 4 5 6 7 |  7.3
Fighting       | 4 5 |  5.9
Maces & Flails | 2 3 4 6 7 |  7.6
Shields        | 4 5 |  5.4
Dodging        | 1 2 |  2.5
Stealth        | 1 |  1.0
Axes           | |  2.5

Action                   |  1- 3 |  4- 6 |  7- 9 || total
-------------------------+-------+-------+-------++-------
Melee: Flail             |    78 |    76 |   122 ||   276
       Headbutt          |     7 |    13 |    12 ||    32
       Kick              |       |       |     3 ||     3
  Use: Scroll            |       |     4 |    10 ||    14
       Potion            |       |     2 |     9 ||    11
Armor: Scale mail        |    42 |    33 |   281 ||   356
Dodge: Dodged            |    39 |    40 |   132 ||   211
Block: Buckler           |    10 |    17 |    38 ||    65
